 Dungeon Crawl Stone Soup version 0.21.1-1-g345015f (webtiles) character file.

66 letownia2 the Conjurer (level 4, -1/24 HPs)
             Began as a Tengu Wizard on Mar 5, 2018.
             Hit by a goblin thrown by Robin (3 damage)
             ... on level 4 of the Dungeon.
             The game lasted 00:04:05 (783 turns).

letownia2 the Conjurer (Tengu Wizard)                Turns: 783, Time: 00:04:06

Health: -1/24      AC:  2    Str:  7    XL:     4   Next: 15%
Magic:  3/9        EV: 12    Int: 20    God:
Gold:   45         SH:  0    Dex: 12    Spells: 3/9 levels left

rFire    . . .     SeeInvis .   m - +0 short sword
rCold    . . .     Gourm    .   (no shield)
rNeg     . . .     Faith    .   a - +0 robe
rPois    .         Spirit   .   b - +0 hat
rElec    .         Reflect  .   (no cloak)
rCorr    .         Harm     .   (no gloves)
MR       .....                  (boots unavailable)
Stlth    ++........             (no amulet)
HPRegen  0.08/turn              (no ring)
MPRegen  0.11/turn              (no ring)

@: hasted, very quick
A: beak, talons 3
a: no special abilities


You were on level 4 of the Dungeon.
You were not hungry.

You visited 1 branch of the dungeon, and saw 4 of its levels.

You collected 45 gold pieces.

Inventory:

Hand Weapons
 m - a +0 short sword (weapon)
 p - a +0 hunting sling
Armour
 a - a +0 robe (worn)
 b - a +0 hat (worn)
 g - a +0 leather armour
Jewellery
 o - an uncursed amulet of harm {unknown}
Scrolls
 e - a scroll of amnesia {unknown}
 f - 2 scrolls of identify {unknown}
 h - a scroll of fear {unknown}
 i - 2 scrolls of enchant weapon {unknown}
 j - a scroll of noise {unknown}
 l - 2 scrolls of remove curse {unknown}
Potions
 k - a potion of haste
Books
 c - a book of Minor Magic

   Spells                             Type                      Level
   a - Magic Dart                     Conjuration                  1
   b - Blink                          Translocation                2
   c - Call Imp                       Summoning                    2
   d - Slow                           Hexes                        2
   e - Conjure Flame                  Conjuration/Fire             3
   f - Mephitic Cloud                 Conjuration/Poison/Air       3
Comestibles
 d - 3 rations


   Skills:
 - Level 2.1 Dodging
 - Level 2.0 Stealth
 - Level 3.0 Spellcasting
 + Level 4.6 Conjurations
 - Level 1.2 Summonings
   Level 0.7 Translocations
 + Level 1.9 Air Magic


You had 3 spell levels left.
You knew the following spells:

 Your Spells              Type           Power        Failure   Level  Hunger
a - Magic Dart            Conj           ###.         1%          1    None
e - Mephitic Cloud        Conj/Pois/Air  ##......     17%         3    ###....
i - Call Imp              Summ           #.......     13%         2    ##.....


Dungeon Overview and Level Annotations

Branches:
Dungeon (4/15)
 Temple: D:4-7

Altars:

Annotations:
D:4 Robin; Tovarisch's ghost, amateur DEWz


Innate Abilities, Weirdness & Mutations

You have a beak for a mouth.
You have claws for feet.


Message History

The ball explodes into a vile cloud!
The stinking cloud engulfs the crimson imp.
The crimson imp appears unharmed.
The stinking cloud engulfs Tovarisch's ghost.
Tovarisch's ghost appears unharmed.
The stinking cloud engulfs you!
You hear a shout!
Unknown command.
Unknown command.
Unknown command.
The crimson imp completely misses you.
Unknown command.
Unknown command.
The crimson imp blinks!
The crimson imp laughs crazily.
The crimson imp hits you.
* * * LOW HITPOINT WARNING * * *
Unknown command.
Robin shouts!
You hear a shout!
Robin throws the goblin at you!
You die...

..........#
...g......#
..........#
..........#
..........#
.........(#
...g......#
.g.....#..##
ggg..###@g.#
g.g# #...##
g# #5...#
###....#
##...W..#
##....)..# .
#........#
..##
######..ยง#
.....##
##...##


You could see Robin, Tovarisch's ghost, a crimson imp and a goblin (wandering).

Vanquished Creatures
  A worker ant (D:4)
  2 oozes (D:1)
  A worm (D:2)
  A dart slug (D:1)
  A leopard gecko (D:1)
  3 giant cockroaches
  7 goblins
  2 hobgoblins
  A ball python (D:1)
  4 bats (D:1)
  2 frilled lizards (D:1)
  2 kobolds (D:1)
  3 rats
30 creatures vanquished.

Notes
Turn   | Place    | Note
-------+----------+-------------------------------------------
     0 | D:1      | letownia2 the Tengu Wizard began the quest for the Orb.
     0 | D:1      | Reached XP level 1. HP: 10/10 MP: 5/5
    72 | D:1      | Reached skill level 2 in Conjurations
    73 | D:1      | Reached XP level 2. HP: 10/15 MP: 1/7
    93 | D:1      | Learned a level 2 spell: Call Imp
   119 | D:1      | Reached skill level 3 in Conjurations
   424 | D:1      | Reached skill level 4 in Conjurations
   424 | D:1      | Reached XP level 3. HP: 19/19 MP: 0/8
   436 | D:1      | Learned a level 3 spell: Mephitic Cloud
   630 | D:4      | Noticed Robin
   661 | D:3      | Reached skill level 1 in Air Magic
   756 | D:4      | Reached XP level 4. HP: 19/24 MP: 0/9
   762 | D:4      | Noticed Tovarisch's ghost (amateur DEWz)
   783 | D:4      | Hit by a goblin thrown by Robin

Skill      XL: |  1  2  3 |
---------------+----------+-----
Conjurations   | 2 4 |  4.6
Air Magic      | 1 |  1.9
Dodging        | |  2.1
Stealth        | |  2.0
Spellcasting   | |  3.0
Summonings     | |  1.2
Translocations | |  0.7

Action                   |  1- 3 |  4- 6 || total
-------------------------+-------+-------++-------
Melee: Short sword       |    18 |     1 ||    19
       Peck              |     2 |       ||     2
       Kick              |     2 |       ||     2
 Cast: Magic Dart        |    67 |       ||    67
       Mephitic Cloud    |     1 |       ||     1
  Use: Potion            |       |     1 ||     1
Armor: Robe              |     2 |       ||     2
Dodge: Dodged            |    12 |     2 ||    14
